 Dungeon Crawl Stone Soup version 0.28-a0-804-g60983d4ba9 (webtiles) character file.

Game seed: 12049663929116047642

290 bande the Covered (level 6, -9/38 HPs)
             Began as a Gargoyle Fighter on Nov 8, 2021.
             Mangled by a two-headed ogre (14 damage)
             ... on level 7 of the Dungeon.
             The game lasted 00:02:40 (2377 turns).

bande the Covered (Gargoyle Fighter)                Turns: 2377, Time: 00:02:40

Health: -9/38      AC: 14    Str: 20    XL:     6   Next: 32%
Magic:  6/6        EV:  7    Int:  9    God:
Gold:   102        SH:  5    Dex: 10    Spells: 5/5 levels left

rFire   . . .      SeeInvis .   a - +1 war axe
rCold   . . .      Faith    .   c - +1 buckler
rNeg    + . .      Spirit   .   i - +0 chain mail
rPois   ∞          Reflect  .   (no helmet)
rElec   +          Harm     .   (no cloak)
rCorr   .          Rampage  .   (no gloves)
Will    .....                   (no boots)
Stlth   ..........              (no amulet)
HPRegen 0.12/turn               (no ring)
MPRegen 0.10/turn               (no ring)

@: mighty
A: sickness immunity, AC +4, negative energy resistance 1, electricity
resistance, torment resistance 1, petrification resistance
a: no special abilities


You were on level 7 of the Dungeon.
You visited 1 branch of the dungeon, and saw 5 of its levels.

You collected 102 gold pieces.

Inventory:

Hand Weapons
 a - a +1 war axe (weapon)
Armour
 c - a +1 buckler (worn)
 i - a +0 chain mail (worn)
Potions
 b - a potion of ambrosia {unknown}
 f - a potion of brilliance {unknown}
 g - a potion of degeneration {unknown}
 j - 2 potions of invisibility {unknown}
 n - 2 potions of heal wounds {unknown}


   Skills:
 + Level 4.2 Fighting
 + Level 4.1 Axes
 + Level 4.4 Armour
 + Level 4.3 Shields


You had 5 spell levels left.
You didn't know any spells.
Your spell library contained the following spells:

 Spells                   Type           Power      Damage    Failure   Level
 Conjure Flame            Conj/Fire      0%         6-21      100%        3
 Ignite Poison            Fire/Tmut/Pois 0%         N/A       100%        3
 Sticky Flame             Conj/Fire      0%         2d3       100%        4


Dungeon Overview and Level Annotations

Branches:
Dungeon (7/15)
 Temple: D:4-7

Altars:


Innate Abilities, Weirdness & Mutations

You are immune to sickness and miasma.
Your stone body is resilient. (AC +4)
You are immune to poison.
You resist negative energy. (rN+)
You are resistant to electric shocks. (rElec)
You are resistant to unholy torment.
You are immune to petrification.


Message History

The hound is moderately wounded.
The hound closely misses you. The hound bites you.
You hit the hound.
The hound is heavily wounded.
You block the hound's attack. The hound bites you but does no damage.
You closely miss the hound.
The hound is heavily wounded.
The hound completely misses you. The hound bites you but does no damage.
You hit the hound but do no damage.
The hound is heavily wounded.
The hound bites you but does no damage. You block the hound's attack.
You hit the hound.
The hound is heavily wounded.
The hound barely misses you. The hound bites you but does no damage.
You barely miss the hound.
The hound is heavily wounded.
You block the hound's attack.
You slash the hound!
You kill the hound!
You see here a water moccasin corpse.
You see here a water moccasin corpse.
You start resting.
HP restored.
You see here a water moccasin corpse.
There is a stone staircase leading up here.
You climb upwards.
The two-headed ogre barely misses you. You block the two-headed ogre's attack.
The gnoll hits you but does no damage.
The two-headed ogre hits you with a +0 giant spiked club!!
Ouch! That really hurt!
The two-headed ogre hits you but does no damage.
There is a stone staircase leading down here.
Unknown command.
The gnoll hits you but does no damage.
You climb downwards.
There is a stone staircase leading up here.
You feel very mighty all of a sudden.
The two-headed ogre hits you with a +0 giant spiked club!
* * * LOW HITPOINT WARNING * * *
The two-headed ogre hits you with a +0 giant club!
You die...

#### ...
#.########
#g@O†....#
#..#####.#
......
####..##
#..# #..#
.... ####


You could see a two-headed ogre and a gnoll.

Vanquished Creatures
  A water moccasin (D:7)
  2 hounds
  A bullfrog skeleton (D:3)
  6 adders
  A white imp (D:3)
  A worm (D:3)
  2 dart slugs
  4 bats
  3 endoplasms
  2 goblins (D:2)
  3 hobgoblins
  4 jackals (D:2)
  2 quokkas
  4 ball pythons
  A ball python zombie (D:3)
  A frilled lizard (D:2)
  2 kobolds
  2 rats
42 creatures vanquished.

Vanquished Creatures (others)
  A fungus (D:1)
  2 plants (D:1)
3 creatures vanquished.

Grand Total: 45 creatures vanquished

Notes
Turn   | Place    | Note
-------+----------+-------------------------------------------
     0 | D:1      | bande the Gargoyle Fighter began the quest for the Orb.
     0 | D:1      | Reached XP level 1. HP: 14/14 MP: 1/1
   558 | D:1      | Reached XP level 2. HP: 19/19 MP: 2/2
   794 | D:1      | Found a faded altar of an unknown god.
  1020 | D:2      | Reached XP level 3. HP: 20/23 MP: 3/3
  1691 | D:2      | Reached XP level 4. HP: 29/29 MP: 4/4
  2011 | D:3      | Reached XP level 5. HP: 7/33 MP: 5/5
  2268 | D:3      | You fall into a shaft and drop 3 floors!
  2268 | D:6      | Noticed a two-headed ogre
  2268 | D:6      | Noticed a water moccasin
  2286 | D:7      | Killed a water moccasin
  2287 | D:7      | Reached XP level 6. HP: 33/38 MP: 6/6
  2377 | D:7      | Mangled by a two-headed ogre

Illustrated notes

Levels and vault maps discovered:
D:1:      minmay_arrival_radiant_lines, layout_loops_ring,
          shapermc_ecumenical_altar_petra
D:2:      layout_loops_ring
D:3:      layout_basic, minmay_fractal_squares_5, uniq_ijyb
D:6:      layout_rooms, uniq_grinder
D:7:      minmay_the_grid_triangle_9x9_recursive_2
          [minmay_the_grid_triangle_9x9_prize_schism,
          minmay_the_grid_triangle_9x9_limited_checkers,
          minmay_the_grid_triangle_9x9_zippers_vertical,
          minmay_the_grid_triangle_9x9_wacky_v], layout_loops_corners,
          minmay_temple_entry_statues_pillars, uniq_maggie

Skill      XL: |  1  2  3  4  5 |
---------------+----------------+-----
Axes           | 2 3 4 |  4.1
Armour         | 4 |  4.4
Shields        | 4 |  4.3
Fighting       | 4 |  4.2

Action                   |  1- 3 |  4- 6 || total
-------------------------+-------+-------++-------
Melee: War axe           |    93 |   101 ||   194
  Use: Scroll            |       |     5 ||     5
       Potion            |       |     1 ||     1
Armor: Scale mail        |    11 |       ||    11
       Chain mail        |    55 |    85 ||   140
Dodge: Dodged            |    39 |    33 ||    72
Block: Buckler           |    29 |    35 ||    64

Table legend: (Time is in decaauts)
 A = Elapsed time spent in this place.
 B = Non-inter-level travel time spent in this place.
 C = Inter-level travel time spent in this place.
 D = Time resting spent in this place.
 E = Time spent auto-exploring this place.
 F = Levels seen in this place.
 G = Mean time per level.
                   A        B        C        D        E       F      G
               +--------+--------+--------+--------+--------+-----+--------+
         Total |   2449 |   2423 |     26 |    203 |   1705 |   5 |  489.8 |
       Dungeon |   2449 |   2423 |     26 |    203 |   1705 |   5 |  489.8 |
               +--------+--------+--------+--------+--------+-----+--------+

Top non-repeatable levels by time:
     D:2: 1044 daAuts
     D:1: 950 daAuts
     D:3: 340 daAuts
     D:7: 102 daAuts
     D:6: 12 daAuts
